Map: Rhoskallian LE

Players

Bamse

  • Race: Protoss Protoss
  • League: Platinum
  • Spawn Location: 5:00

LilleSkutt

  • Race: Terran Terran
  • League: Diamond
  • Spawn Location: 6:00

Ekelpack - Winner!

  • Race: Zerg Zerg
  • Spawn Location: 12:00

Nyck - Winner!

  • Race: Terran Terran
  • Spawn Location: 11:00

VOD

Have the link to the VOD?

Description

Time

  • Played on: Dec. 18, 2024, 12:47 p.m.
  • Length: 17:28
Show
View Real Time Build Order
Export as new Build Order

Bamse Protoss 

Build Orders: 1 Gate Expand 

Get SALT Encoding   

  12  0:00  Probe  
  13  0:12  Probe  
  14  0:18  Pylon  
  14  0:24  Probe  
  15  0:37  Probe  
  15  0:41  Gateway  
  16  0:46  Probe  
  16  0:47  Assimilator  
  17  0:54  Probe  
  17  1:03  Probe  
  19  1:20  Probe  
  20  1:37  Nexus  
  20  1:42  Cybernetics Core  
  20  1:43  Probe  
  21  1:55  Probe  
  22  2:03  Probe  
  23  2:12  Pylon  
  23  2:13  Assimilator  
  23  2:17  Gateway  
  23  2:24  Warp Gate  
  23  2:27  Stalker  
  23  2:32  Probe  
  26  2:44  Probe  
  26  2:49  Stalker  
  27  2:56  Probe  
  30  3:02  Stalker, Probe  
  33  3:09  Probe  
  33  3:11  Stalker, Pylon  
  34  3:15  Probe  
  36  3:21  Probe  
  37  3:27  Probe  
  37  3:33  Probe  
  37  3:34  Stalker  
  39  3:39  Probe  
  42  3:43  Shield Battery  
  42  3:50  Probe  
  42  3:51  Probe  
  44  3:59  Stalker  
  44  4:01  Stalker  
  44  4:02  Probe  
  47  4:03  Probe  
  50  4:14  Probe  
  50  4:15  Probe  
  50  4:16  Robotics Facility  
  52  4:21  Pylon  
  52  4:24  Probe  
  52  4:26  Probe  
  54  4:34  Assimilator  
  54  4:35  Assimilator, Probe  
  54  4:39  Probe  
  56  4:46  Probe  
  56  4:51  Probe  
  54  5:00  Stalker x2  
  54  5:06  Pylon  
  58  5:19  Pylon  
  58  5:24  Stalker x2  
  62  5:44  Nexus  
  62  5:47  Forge  
  62  5:48  Forge x2  
  62  5:51  Twilight Council  
  62  5:53  Stalker x2  
  62  5:54  Probe  
  62  5:55  Probe  
  68  6:00  Shield Battery  
  68  6:07  Probe x2  
  70  6:14  Protoss Ground Armor Level 1, Protoss Ground Weapons Level 1  
  70  6:15  Protoss Shields Level 1  
  70  6:19  Stalker x2, Probe x2  
  70  6:20  Observer  
  77  6:30  Blink  
  76  6:38  Probe x2  
  78  6:56  Probe x2  
  78  6:59  Pylon  
  78  7:00  Pylon  
  80  7:03  Pylon  
  80  7:08  Probe x2  
  80  7:20  Probe x2  
  82  7:24  Probe  
  83  7:32  Probe x2  
  83  7:36  Probe, Pylon  
  86  7:37  Pylon  
  86  7:40  Pylon x2  
  74  7:44  Probe x2  
  74  7:49  Probe  
  74  7:50  Stalker x2  
  73  7:56  Probe  
  74  8:00  Photon Cannon  
  74  8:04  Photon Cannon  
  74  8:05  Photon Cannon x2  
  74  8:06  Photon Cannon  
  74  8:07  Photon Cannon  
  74  8:08  Photon Cannon  
  74  8:09  Shield Battery  
  74  8:13  Shield Battery  
  74  8:15  Stalker  
  74  8:16  Stalker  
  77  8:25  Immortal  
  72  8:42  Gateway x2  
  72  8:44  Protoss Shields Level 2, Protoss Ground Armor Level 2, Protoss Ground Weapons Level 2  
  72  8:45  Stalker x2, Gateway  
  72  8:46  Gateway x2  
  76  8:51  Photon Cannon  
  76  8:53  Photon Cannon  
  76  8:54  Photon Cannon  
  76  8:59  Probe x2  
  78  9:07  Immortal  
  82  9:10  Stalker x2  
  82  9:11  Probe x2  
  88  9:23  Probe  
  88  9:24  Probe  
  90  9:26  Nexus  
  90  9:35  Probe  
  90  9:36  Probe  
  92  9:44  Stalker x4  
  92  9:45  Stalker  
  102  9:46  Stalker  
  102  9:47  Probe  
  105  10:01  Photon Cannon  
  105  10:06  Photon Cannon  
  105  10:07  Stalker x2  
  109  10:14  Pylon  
  109  10:15  Pylon  
  109  10:26  Templar Archives  
  109  10:36  Pylon  
  109  10:37  Stalker x3  
  109  10:38  Pylon  
  109  10:40  Stalker  
  117  10:43  Stalker  
  117  10:46  Stalker  
  121  11:01  Assimilator x2  
  121  11:05  Charge  
  121  11:12  Protoss Ground Armor Level 3, Protoss Ground Weapons Level 3  
  121  11:13  Protoss Shields Level 3  
  121  11:17  Stalker x4  
  121  11:18  Stalker x2  
  133  11:19  High Templar  
  135  11:42  High Templar x3  
  135  11:43  High Templar x3  
  135  11:46  Archon  
  135  11:47  Archon x2  
  133  12:14  High Templar  
  133  12:15  High Templar x6  
  147  12:38  Archon x3  
  147  12:39  Archon  
  79  13:14  High Templar x3  
  79  13:15  High Templar x4  
  87  13:22  Photon Cannon  
  87  13:24  Immortal, Photon Cannon  
  87  13:25  Photon Cannon  
  87  13:26  Shield Battery  
  87  13:28  Photon Cannon  
  87  13:29  Photon Cannon  
  90  13:41  Archon  
  90  13:42  Archon x2  
  90  13:47  High Templar  
  90  13:48  High Templar x2  
  94  13:50  Zealot x4  
  104  13:57  Archon x2  
  104  14:11  Zealot x4  
  104  14:12  Nexus  
  104  14:16  Immortal  
  93  14:42  Zealot x6  
  93  14:43  Zealot  
  61  15:04  Zealot x2  
  61  15:05  Zealot x4  
  61  15:06  Zealot  
  54  15:31  High Templar x2  
  54  15:32  High Templar x5  
  68  15:56  Archon  
  29  16:41  Zealot  
  29  16:42  Zealot x4  
Show
View Real Time Build Order
Export as new Build Order

LilleSkutt Terran 

Build Orders: Reaper Expand 

Get SALT Encoding   

  12  0:00  SCV  
  13  0:12  SCV  
  14  0:18  Supply Depot  
  14  0:24  SCV  
  15  0:39  SCV  
  15  0:40  Barracks  
  16  0:47  Refinery  
  16  0:51  SCV  
  17  1:03  SCV  
  18  1:16  SCV  
  19  1:28  Orbital Command  
  19  1:29  Reaper  
  20  1:38  Refinery  
  20  1:53  Command Center  
  20  2:01  SCV, Marine  
  22  2:14  Factory  
  22  2:16  SCV  
  23  2:31  Supply Depot  
  23  2:40  Engineering Bay  
  23  2:46  Barracks Reactor  
  23  2:47  Barracks  
  23  2:53  SCV  
  24  2:58  Starport  
  25  3:05  SCV  
  25  3:09  Planetary Fortress  
  25  3:17  Hellion  
  27  3:23  Marine  
  27  3:25  Marine  
  29  3:28  SCV  
  30  3:40  SCV  
  31  3:41  Factory Tech Lab  
  31  3:42  Starport Tech Lab  
  30  3:51  SCV  
  30  3:52  SCV  
  30  3:54  Terran Infantry Weapons Level 1  
  32  4:04  SCV  
  33  4:11  Marine x2  
  33  4:13  Siege Tank  
  38  4:20  Banshee  
  41  4:26  Cloaking Field  
  41  4:28  SCV  
  41  4:31  SCV  
  43  4:42  SCV  
  43  4:43  SCV  
  45  4:52  Marine  
  46  5:04  Supply Depot  
  46  5:06  Supply Depot  
  46  5:13  Missile Turret  
  46  5:14  Missile Turret  
  46  5:20  Missile Turret  
  46  5:24  Missile Turret  
  46  5:25  SCV x2, Marine, Siege Tank  
  46  5:26  Marine  
  53  5:38  SCV x2  
  55  5:43  Marine  
  55  5:44  Marine  
  57  5:50  SCV x2  
  57  5:51  Missile Turret  
  57  5:52  Missile Turret  
  57  5:54  Refinery  
  58  5:59  Refinery  
  58  6:02  SCV x2  
  58  6:09  Marine x2  
  58  6:14  SCV x2  
  60  6:25  Missile Turret  
  60  6:26  SCV x2  
  60  6:30  Supply Depot  
  62  6:51  SCV, Marine, Banshee, Siege Tank  
  70  6:54  Supply Depot  
  70  7:15  SCV x2, Marine x2  
  71  7:24  Siege Tank  
  71  7:28  SCV x2  
  76  7:33  Marine x2  
  78  7:38  Supply Depot  
  78  7:50  Command Center  
  78  7:52  SCV x2  
  78  7:53  Marine  
  78  7:54  Marine  
  78  7:55  Banshee  
  72  8:02  Supply Depot  
  72  8:04  SCV x2  
  66  8:10  Marine  
  66  8:11  Siege Tank  
  66  8:12  Marine  
  71  8:16  SCV x2  
  73  8:28  SCV, Marine  
  73  8:29  SCV  
  73  8:30  Marine  
  77  8:36  Factory  
  77  8:38  Factory, Banshee  
  77  8:40  SCV  
  77  8:41  SCV  
  82  8:43  Siege Tank  
  82  8:46  Marine  
  82  8:48  Marine, Missile Turret  
  87  8:52  SCV  
  88  9:00  SCV  
  89  9:04  Marine  
  89  9:05  SCV, Marine  
  89  9:06  Missile Turret  
  89  9:08  Missile Turret  
  89  9:09  Missile Turret  
  92  9:13  SCV, Missile Turret  
  92  9:15  Siege Tank  
  93  9:20  Missile Turret  
  93  9:21  Banshee  
  93  9:22  Refinery, Marine, Missile Turret  
  93  9:23  Marine  
  88  9:39  Marine  
  88  9:41  Marine  
  88  9:42  Command Center  
  74  9:48  SCV x2  
  70  9:57  Marine  
  70  9:59  Marine  
  72  10:07  Command Center  
  72  10:12  Siege Tank  
  77  10:14  Widow Mine  
  77  10:15  Marine  
  77  10:17  Marine, Widow Mine  
  78  10:33  Marine  
  78  10:35  SCV x2, Marine  
  82  10:42  Widow Mine x2  
  86  10:44  Widow Mine  
  85  10:51  Marine  
  85  10:52  Marine  
  77  11:09  Marine  
  72  11:13  Widow Mine x2  
  72  11:14  Marine, Widow Mine  
  76  11:20  Missile Turret  
  76  11:23  SCV x2  
  78  11:26  Marine  
  78  11:28  Planetary Fortress  
  78  11:31  Marine  
  80  11:35  Hellion x3  
  84  11:43  Ghost Academy  
  80  11:56  Hellion x3  
  82  12:33  Liberator  
  82  12:35  Widow Mine x3  
  85  12:56  Widow Mine  
  85  12:57  Widow Mine x2  
  78  13:03  Marine x2  
  78  13:04  Barracks Tech Lab  
  75  13:10  SCV x2  
  75  13:12  Armory  
  77  13:13  Armory  
  77  13:16  Liberator  
  77  13:18  Widow Mine x3  
  86  13:21  Marine x2  
  86  13:22  SCV x2  
  90  13:34  SCV  
  90  13:38  Marine x2  
  90  13:39  Widow Mine x3  
  93  13:53  SCV  
  93  13:54  SCV  
  95  13:56  Marine x2  
  95  13:58  Command Center  
  95  13:59  Liberator  
  95  14:00  Marine  
  95  14:01  Widow Mine x3  
  95  14:02  Terran Vehicle And Ship Armor Level 1, Terran Vehicle Weapons Level 1  
  107  14:05  SCV  
  107  14:06  SCV  
  106  14:14  Marine x2  
  106  14:17  SCV  
  106  14:18  SCV  
  99  14:24  Marauder  
  99  14:25  Widow Mine  
  99  14:26  Widow Mine x2  
  99  14:30  SCV  
  87  14:32  Marine x2  
  81  14:42  Liberator  
  81  14:44  SCV x2  
  76  14:46  Marauder  
  76  14:47  Siege Tank, Widow Mine  
  76  14:50  Marine  
  76  14:51  Marine  
  81  14:56  SCV x2  
  82  15:07  Marauder  
  82  15:13  Marine x2  
  84  15:15  Hellion  
  84  15:16  Hellion  
  84  15:18  Nuke  
  84  15:19  Siege Tank  
  91  15:25  Liberator  
  91  15:28  Marine  
  95  15:30  Marine  
  96  15:37  Hellion, Widow Mine  
  100  15:43  Bunker  
  100  15:45  Ghost, Bunker  
  100  15:46  Bunker  
  85  15:51  Siege Tank  
  53  16:07  Liberator  
  46  16:15  Marauder  
  44  16:43  Siege Tank  
  44  16:46  Marine x3  
Show
View Real Time Build Order
Export as new Build Order

Ekelpack Zerg - Winner!

Build Orders: Hatch First 

Get SALT Encoding   

  12  0:00  Drone  
  13  0:13  Overlord  
  13  0:17  Drone  
  14  0:31  Drone  
  15  0:42  Drone  
  16  0:49  Hatchery  
  15  0:52  Drone  
  16  1:06  Spawning Pool  
  16  1:09  Drone  
  16  1:12  Extractor  
  16  1:15  Drone  
  16  1:19  Drone  
  16  1:23  Drone  
  18  1:32  Drone  
  19  1:44  Drone  
  20  1:54  Queen  
  20  2:00  Queen  
  24  2:06  Drone  
  25  2:13  Overlord  
  25  2:16  Drone  
  25  2:19  Drone  
  25  2:22  Drone  
  28  2:31  Lair  
  28  2:35  Drone  
  29  2:41  Drone  
  29  2:43  Drone x2  
  32  2:45  Extractor  
  31  2:52  Metabolic Boost  
  31  2:54  Drone  
  31  2:56  Drone  
  33  2:58  Extractor  
  33  3:00  Extractor  
  33  3:04  Drone x2  
  33  3:05  Drone  
  34  3:07  Drone  
  34  3:11  Overlord  
  35  3:34  Queen  
  35  3:40  Spire  
  35  3:41  Drone x3  
  38  3:42  Drone  
  38  3:47  Drone x3  
  43  3:53  Drone  
  44  3:56  Overlord  
  44  4:19  Drone x3  
  44  4:20  Drone x2  
  49  4:36  Overlord x2  
  49  4:37  Overlord  
  49  4:46  Zergling x6  
  50  5:01  Zerg Flyer Weapons Level 1  
  50  5:02  Mutalisk x7  
  50  5:03  Mutalisk  
  66  5:11  Overseer  
  65  5:25  Mutalisk  
  65  5:26  Mutalisk  
  69  5:35  Overlord x3  
  69  5:41  Zergling x6  
  69  5:42  Zergling x2  
  73  5:48  Evolution Chamber  
  72  5:52  Evolution Chamber  
  71  6:13  Mutalisk x5  
  71  6:14  Zergling x6  
  71  6:15  Zergling x4, Overlord  
  71  6:16  Hatchery  
  85  6:41  Zerg Melee Weapons Level 1, Zerg Ground Armor Level 1  
  85  6:45  Drone  
  86  6:49  Infestation Pit  
  85  6:59  Pneumatized Carapace  
  85  7:03  Zergling x12  
  73  7:31  Zergling x4  
  73  7:32  Zergling x12  
  73  7:35  Drone  
  67  8:09  Drone x5  
  67  8:10  Drone x4, Queen  
  67  8:12  Zerg Flyer Weapons Level 2, Hive  
  72  8:32  Mutalisk x6  
  81  8:41  Drone  
  81  8:42  Drone  
  81  8:44  Extractor  
  81  8:47  Extractor  
  81  8:59  Drone  
  81  9:00  Drone x2  
  81  9:01  Drone x2  
  86  9:08  Zerg Melee Weapons Level 2, Zerg Ground Armor Level 2  
  80  9:53  Zergling x8  
  80  9:54  Zergling x12  
  80  9:55  Zergling x14  
  80  9:56  Zergling x4  
  99  10:06  Drone x2  
  101  10:17  Hatchery  
  100  10:22  Ultralisk Cavern  
  99  10:29  Drone x2  
  99  10:33  Zerg Flyer Weapons Level 3  
  96  11:10  Adrenal Glands  
  96  11:20  Ultralisk x2  
  96  11:21  Overlord x3  
  96  11:22  Overlord  
  102  11:42  Overseer  
  102  11:43  Overseer  
  102  11:45  Drone  
  102  11:46  Drone x3  
  106  11:47  Overlord x2  
  106  11:48  Overlord, Ultralisk x2  
  106  11:49  Ultralisk x4  
  134  12:10  Ultralisk x2  
  134  12:11  Overlord  
  146  12:15  Drone x2  
  146  12:21  Zerg Melee Weapons Level 3  
  124  13:04  Mutalisk x2  
  124  13:05  Mutalisk x3  
  96  13:06  Zergling x12  
  96  13:07  Zergling x12  
  96  13:08  Zergling x12  
  96  13:09  Zergling x2  
  96  13:12  Drone x4  
  116  13:45  Chitinous Plating  
  116  13:47  Zerg Ground Armor Level 3  
  116  13:49  Zerg Flyer Armor Level 1  
  116  13:51  Zergling x8  
  116  13:52  Zergling x8  
  116  13:53  Zergling x2  
  124  13:58  Drone  
  123  14:02  Drone  
  123  14:03  Drone  
  113  14:34  Ultralisk x3  
  113  14:35  Zergling x2, Ultralisk x2  
  113  14:36  Zergling x10  
  113  14:37  Zergling x4  
  132  14:39  Zergling x2  
  112  14:58  Ultralisk x2  
  112  14:59  Zergling x8  
  125  15:04  Anabolic Synthesis  
  125  15:08  Ultralisk  
  131  15:25  Extractor  
  131  15:27  Extractor  
  116  16:00  Ultralisk x4  
  116  16:01  Zergling x10  
  116  16:02  Zergling x4, Overlord x2  
  116  16:03  Zergling x6  
  150  16:14  Zergling x8  
  150  16:15  Zergling x4  
  156  16:23  Zergling x2  
  156  16:24  Zergling x4  
  160  16:25  Zergling x2  
  160  16:37  Drone  
  160  16:39  Queen  
  157  17:06  Zergling x6  
Show
View Real Time Build Order
Export as new Build Order

Nyck Terran - Winner!

Build Orders:  

Get SALT Encoding   

  12  0:00  SCV  
  13  0:12  SCV  
  14  0:18  Supply Depot  
  14  0:24  SCV  
  15  0:39  SCV  
  15  0:41  Barracks  
  16  0:51  SCV  
  16  0:56  Refinery  
  17  1:05  SCV, Refinery  
  18  1:18  SCV  
  19  1:31  Orbital Command  
  19  1:38  Reaper  
  20  1:42  Barracks  
  20  1:48  Supply Depot  
  20  2:02  SCV, Engineering Bay  
  21  2:12  Reaper  
  21  2:15  SCV  
  23  2:29  Reaper  
  24  2:36  Command Center  
  24  2:37  SCV  
  25  2:51  SCV  
  26  2:53  Barracks Reactor  
  26  3:21  SCV  
  26  3:25  Barracks Tech Lab  
  27  3:27  Terran Infantry Weapons Level 1  
  27  3:33  SCV  
  28  3:35  Marine x2  
  30  3:50  SCV  
  31  3:55  Command Center  
  31  4:04  SCV  
  32  4:10  Orbital Command  
  32  4:16  SCV  
  33  4:23  Combat Shield  
  33  4:24  Marine x2  
  33  4:25  Marine  
  33  4:29  SCV  
  37  4:36  Barracks  
  37  4:42  Factory  
  37  4:43  SCV x2  
  39  5:01  SCV x2  
  41  5:13  SCV  
  41  5:14  SCV  
  43  5:16  Marine x3  
  46  5:21  Terran Infantry Armor Level 1  
  46  5:25  SCV  
  46  5:26  Barracks  
  47  5:28  SCV  
  47  5:31  Refinery  
  47  5:33  Refinery  
  47  5:34  Armory  
  48  5:36  Marine x2  
  48  5:37  SCV  
  48  5:38  Barracks Reactor  
  48  5:40  SCV  
  48  5:41  Marine  
  48  5:42  Stimpack  
  54  5:50  SCV  
  54  5:52  SCV  
  54  5:53  Marine  
  56  6:02  SCV  
  58  6:05  Supply Depot, SCV  
  58  6:10  Orbital Command  
  58  6:14  SCV  
  58  6:17  Marine x2  
  61  6:26  Marine x2  
  61  6:27  Supply Depot, SCV x2  
  65  6:32  Terran Vehicle And Ship Armor Level 1  
  65  6:37  Engineering Bay  
  65  6:39  Starport  
  65  6:41  Barracks Reactor  
  65  6:46  Marine x2  
  65  6:47  Marine x2  
  67  6:50  SCV x3  
  67  6:51  Supply Depot  
  72  6:55  Refinery  
  72  6:58  Refinery  
  72  7:04  SCV  
  72  7:05  SCV x2  
  75  7:14  Supply Depot  
  75  7:24  SCV x3  
  76  7:51  Marine  
  77  7:52  Marine x4  
  77  7:53  Marine x2  
  83  8:10  Terran Infantry Weapons Level 2  
  83  8:11  Terran Infantry Armor Level 2  
  83  8:13  Medivac  
  84  8:35  Marine x4  
  84  8:36  Marine x2  
  84  8:39  Marine  
  91  8:43  Medivac  
  93  8:51  Supply Depot  
  93  9:02  Starport  
  93  9:12  SCV, Marine x7  
  93  9:14  Factory Reactor  
  93  9:15  Supply Depot  
  101  9:24  Command Center  
  101  9:35  SCV x2  
  101  9:36  SCV  
  98  9:38  Supply Depot  
  88  9:47  SCV  
  88  9:48  SCV  
  88  9:56  Command Center  
  88  9:57  SCV  
  90  10:00  SCV  
  90  10:01  Supply Depot, SCV  
  90  10:02  Marine x2  
  90  10:03  Marine x4  
  90  10:04  Marine  
  90  10:05  Medivac x2  
  102  10:13  Missile Turret  
  100  10:21  SCV x3, Marine  
  100  10:22  Marine x6  
  100  10:25  Supply Depot, Concussive Shells  
  100  10:27  Terran Infantry Armor Level 3, Terran Infantry Weapons Level 3  
  106  10:36  Starport Reactor  
  106  10:38  Missile Turret  
  106  10:41  Marine x5  
  106  10:42  Marine x2  
  112  10:47  Supply Depot, Barracks  
  112  10:49  Barracks  
  113  10:53  SCV x2  
  113  10:54  SCV  
  113  10:56  Orbital Command  
  116  10:59  Marine x4  
  120  11:04  Refinery  
  120  11:05  SCV, Marine x2  
  120  11:06  SCV x2, Marine  
  120  11:07  Medivac x2  
  120  11:10  Missile Turret  
  130  11:12  Supply Depot  
  130  11:17  Marine  
  130  11:18  SCV x3  
  134  11:21  SCV  
  135  11:25  Orbital Command  
  135  11:30  SCV x3, Marine x2  
  135  11:31  Marine x4  
  135  11:32  Medivac x2  
  148  11:33  SCV  
  148  11:35  Supply Depot  
  117  12:15  Marine x5  
  111  12:17  Barracks Reactor  
  111  12:21  Barracks Reactor  
  114  12:23  Marine x2  
  114  12:25  Medivac x3  
  114  12:26  Medivac  
  124  12:33  Marine x2  
  126  12:40  Marine x3  
  126  12:41  Marine x2  
  131  12:51  Marine x2  
  132  12:55  Medivac x2  
  132  12:58  Marine x3  
  137  12:59  Marine x4  
  137  13:00  Marine x2  
  137  13:01  Medivac x2  
  141  13:08  Marine  
  141  13:09  Marine  
  137  13:16  Marine x4  
  137  13:17  Marine  
  137  13:18  Orbital Command, Marine x4  
  145  13:24  SCV x2  
  145  13:25  SCV x2, Medivac x2  
  145  13:26  Marine x2  
  156  13:33  Marine  
  156  13:34  Marine x4  
  156  13:35  Marine  
  156  13:36  Marine x3  
  164  13:44  Marine x2  
  164  13:45  SCV x5  
  171  13:49  Medivac x2  
  171  13:51  Marine x2  
  171  13:52  Marine x3  
  171  13:53  Marine  
  171  13:54  Marine x3  
  184  13:57  SCV x4  
  184  14:02  Marine x2  
  190  14:09  Marine x3  
  192  14:10  Marine x2  
  192  14:11  Marine  
  192  14:12  Marine x3  
  199  14:20  Marine  
  198  15:14  Marine  
  198  15:15  Marine  
  177  16:01  Marine x9  
  177  16:02  Marine x2  
  161  16:19  Marine x11  
  161  16:22  Medivac x4  
  159  16:36  Marine  
  159  16:37  Marine x10  
  150  16:54  Marine  
  150  16:55  Marine x10  
  161  17:05  Supply Depot  
Tags
 
Add a new tag
Caveats
  • Supply blocks, unpowered buildings, or Contaminate may cause inaccurate times.
  • Supply counts are checked every 10 seconds.